 Dungeon Crawl Stone Soup version 0.24.0 (webtiles) character file.

Game seed: 16205475049735070932, levelgen mode: deterministic

151 Kranky the Poker (level 5, -3/47 HPs)
             Began as a Gnoll Chaos Knight on Feb 28, 2020.
             Was a Plaything of Xom.
             Slain by an orc wizard
             ... wielding a cursed -2 dagger
              (4 damage)
             ... on level 3 of the Dungeon.
             The game lasted 00:05:16 (1946 turns).

Kranky the Poker (Gnoll Chaos Knight)               Turns: 1946, Time: 00:05:17

Health: -3/47      AC:  5    Str: 15    XL:     5   Next: 33%
Magic:  7/7        EV: 13    Int: 20    God:    Xom [..*...]
Gold:   136        SH:  0    Dex: 14    Spells: 6/6 levels left

rFire    . . .     SeeInvis .   i - +3 short sword (holy)
rCold    . . .     Gourm    .   (no shield)
rNeg     . . .     Faith    .   b - +2 leather armour
rPois    .         Spirit   .   (no helmet)
rElec    .         Reflect  .   (no cloak)
rCorr    .         Harm     .   (no gloves)
MR       .....                  (no boots)
Stlth    +.........             (no amulet)
HPRegen  0.15/turn              (no ring)
MPRegen  0.10/turn              (no ring)

@: confused, brilliant
A: distributed training, fangs 1, strong nose
a: Renounce Religion


You were on level 3 of the Dungeon.
You worshipped Xom.
You were a toy of Xom.
You were hungry.

You visited 1 branch of the dungeon, and saw 3 of its levels.

You collected 136 gold pieces.

Inventory:

Hand Weapons
 a - a +0 spear of chaos
 i - a +3 short sword of holy wrath (weapon)
Armour
 b - a +2 leather armour (worn)
Jewellery
 e - an uncursed ring of protection from magic {unknown}
 l - an uncursed ring of fire {unknown}
Scrolls
 d - 7 scrolls of identify {unknown}
 g - 2 scrolls of fog {unknown}
 j - a scroll of random uselessness {unknown}
Potions
 f - a potion of degeneration {unknown}
 h - a potion of brilliance
 k - a potion of ambrosia {unknown}
 m - a potion of lignification {unknown}
Comestibles
 c - 4 rations
 n - 3 chunks of flesh


   Skills:
 + Level 6.7 Fighting
 + Level 1.4 Short Blades
 + Level 1.4 Long Blades
 + Level 1.4 Axes
 + Level 1.4 Maces & Flails
 + Level 6.7 Polearms
 + Level 1.4 Staves
 + Level 1.4 Slings
 + Level 1.4 Bows
 + Level 1.4 Crossbows
 + Level 1.4 Throwing
 + Level 4.7 Armour
 + Level 2.9 Dodging
 + Level 1.4 Stealth
 + Level 1.4 Shields
 + Level 1.4 Unarmed Combat
 + Level 1.4 Spellcasting
 + Level 1.1 Conjurations
 + Level 1.1 Hexes
 + Level 1.1 Charms
 + Level 1.1 Summonings
 + Level 1.1 Necromancy
 + Level 1.1 Translocations
 + Level 1.1 Transmutations
 + Level 1.1 Fire Magic
 + Level 1.1 Ice Magic
 + Level 1.1 Air Magic
 + Level 1.1 Earth Magic
 + Level 1.1 Poison Magic
 + Level 1.6 Invocations
 + Level 1.4 Evocations


You had 6 spell levels left.
You didn't know any spells.
Your spell library was empty.

Dungeon Overview and Level Annotations

Branches:
Dungeon (3/15)

Altars:
Gozag
Kikubaaqudgha


Innate Abilities, Weirdness & Mutations

Your experience applies equally to all skills.
You have very sharp teeth.
Your uncanny sense of smell can sniff out nearby items.


Message History

You bump into the rock wall.
Something hits you. The orc misses you. The orc closely misses you.
You hit the orc.
The orc is lightly wounded.
Something hits you. The orc hits you with a +0 flail.
* * * LOW HITPOINT WARNING * * *
You puncture the orc!
You kill the orc!
The orc hits you with a +0 flail.
* * * LOW HITPOINT WARNING * * *
Something hits you.
* * * LOW HITPOINT WARNING * * *
The orc misses you. Something hits you but does no damage.
The orc hits you with a +0 flail.
* * * LOW HITPOINT WARNING * * *
It was a potion of brilliance.
You feel clever all of a sudden.
Xom thinks this is hilarious!
Something hits you.
You die...

.####.##........##)####....
..........#..........##8...
..........#......#...# ##8#
..........#......#...######
..........##.............#
..........##.#.#...#......
.<.............#.[)....#.#
.......#....)....o.#...# #
.##....#........@......#
..#....#...........#......
..#....##.#........#......
.......##.#####....# .....
...................# .....
.....##...#####....# ##..
......#..(.......... ..
......#.......#......
......#.......#


You could see an orc.

Vanquished Creatures
  A worker ant (D:3)
  A worker ant zombie (D:2)
  A gnoll (D:1)
  3 adders (D:2)
  An ooze (D:3)
  4 worms
  2 dart slugs (D:1)
  3 leopard geckos
  5 orcs (D:3)
  5 bats
  2 giant cockroaches
  6 goblins
  4 hobgoblins
  A jackal (D:3)
  8 kobolds
  2 frilled lizards (D:2)
  9 rats
58 creatures vanquished.

Notes
Turn   | Place    | Note
-------+----------+-------------------------------------------
     0 | D:1      | Kranky the Gnoll Chaos Knight began the quest for the Orb.
     0 | D:1      | Reached XP level 1. HP: 23/23 MP: 1/1
    25 | D:1      | XOM: divination: detect items
    79 | D:1      | XOM: smoke on damage
   293 | D:1      | Reached XP level 2. HP: 29/29 MP: 2/2
   351 | D:1      | XOM: divination: magic mapping
   354 | D:1      | Reached XP level 3. HP: 33/35 MP: 3/3
   733 | D:1      | XOM: harmless Tmut miscast
   788 | D:2      | Reached skill level 1 in Invocations
   795 | D:2      | Reached skill level 1 in Short Blades
   795 | D:2      | Reached skill level 1 in Long Blades
   795 | D:2      | Reached skill level 1 in Axes
   795 | D:2      | Reached skill level 1 in Maces & Flails
   795 | D:2      | Reached skill level 1 in Staves
   795 | D:2      | Reached skill level 1 in Slings
   795 | D:2      | Reached skill level 1 in Bows
   795 | D:2      | Reached skill level 1 in Crossbows
   795 | D:2      | Reached skill level 1 in Throwing
   795 | D:2      | Reached skill level 1 in Stealth
   795 | D:2      | Reached skill level 1 in Shields
   795 | D:2      | Reached skill level 1 in Unarmed Combat
   795 | D:2      | Reached skill level 1 in Spellcasting
   795 | D:2      | Reached skill level 1 in Evocations
   799 | D:2      | Reached XP level 4. HP: 27/41 MP: 5/5
  1187 | D:2      | XOM: divination: detect creatures
  1206 | D:2      | XOM: mild Hex miscast
  1465 | D:2      | XOM: medium Pois miscast
  1492 | D:2      | XOM: harmless Conj miscast
  1577 | D:2      | Reached skill level 1 in Conjurations
  1577 | D:2      | Reached skill level 1 in Hexes
  1577 | D:2      | Reached skill level 1 in Charms
  1577 | D:2      | Reached skill level 1 in Summonings
  1577 | D:2      | Reached skill level 1 in Necromancy
  1577 | D:2      | Reached skill level 1 in Translocations
  1577 | D:2      | Reached skill level 1 in Transmutations
  1577 | D:2      | Reached skill level 1 in Fire Magic
  1577 | D:2      | Reached skill level 1 in Ice Magic
  1577 | D:2      | Reached skill level 1 in Air Magic
  1577 | D:2      | Reached skill level 1 in Earth Magic
  1577 | D:2      | Reached skill level 1 in Poison Magic
  1634 | D:2      | Found an ancient bone altar of Kikubaaqudgha.
  1763 | D:3      | Reached XP level 5. HP: 44/47 MP: 6/6
  1889 | D:3      | Found an opulent altar of Gozag.
  1945 | D:3      | HP: 1/47 [orc/+0 flail (3)]
  1946 | D:3      | Slain by an orc wizard

Levels and vault maps discovered:
D:1:      lightli_arrival_chessboard, layout_basic
D:2:      layout_rooms, kiku_gazebo_pond_becter, hangedman_feature_mirror
D:3:      layout_basic, nicolae_overflow_hidden_temple,
          chequers_ecumenical_altar_simple, hangedman_decor_growths,
          minivault_19, minmay_misc_feat_iff
